 Dungeon Crawl Stone Soup version 0.22-a0-553-g9358b0b (webtiles) character file.

95 inc the Conjurer (level 4, 0/30 HPs)
             Began as a Mummy Fire Elementalist on June 25, 2018.
             Killed by divine providence
             ... invoked by an orc priest
              (15 damage)
             ... on level 3 of the Dungeon.
             The game lasted 00:04:52 (2544 turns).

inc the Conjurer (Mummy Fire Elementalist)          Turns: 2544, Time: 00:04:53

Health: 0/30       AC:  6    Str: 11    XL:     4   Next: 39%
Magic:  17/17      EV: 11    Int: 15    God:
Gold:   135        SH:  0    Dex: 12    Spells: 7/8 levels left

rFire    x . .     SeeInvis .   n - staff of conjuration
rCold    + + .     Gourm    .   (no shield)
rNeg     + + +     Faith    .   s - +2 leather armour {rC+}
rPois    ∞         Spirit   .   i - +0 helmet
rElec    .         Reflect  .   (no cloak)
rCorr    .         Harm     .   (no gloves)
MR       .....                  (no boots)
Stlth    +.........             (no amulet)
HPRegen  0.10/turn              f - ring of magical power
MPRegen  0.15/turn              (no ring)

@: no status effects
A: no food or potions, fire vulnerability, cold resistance 1, negative energy
resistance 3, torment resistance, unbreathing
a: no special abilities


You were on level 3 of the Dungeon.
You were not hungry.

You visited 1 branch of the dungeon, and saw 3 of its levels.

You collected 135 gold pieces.

Inventory:

Hand Weapons
 d - a +0 whip
 h - a +2 dagger of protection
Armour
 a - a +0 robe
 i - a +0 helmet (worn)
 q - a +0 buckler
 s - a +2 leather armour of cold resistance (worn)
Magical Staves
 n - an uncursed staff of conjuration (weapon)
Jewellery
 e - an uncursed amulet of rage
 f - a ring of magical power (left hand)
 p - an uncursed amulet of the gourmand
Scrolls
 b - 4 scrolls of identify {unknown}
 c - a scroll of amnesia {unknown}
 g - 2 scrolls of magic mapping {unknown}
 j - 2 scrolls of fog {unknown}
 l - a scroll of enchant armour {unknown}
 m - 2 scrolls of blinking {unknown}
 o - a scroll of teleportation {unknown}
 r - a scroll of remove curse {unknown}
Comestibles
 k - 4 rations


   Skills:
 - Level 1.7 Dodging
 - Level 1.5 Stealth
 - Level 2.7 Spellcasting
 + Level 3.0 Conjurations
 + Level 3.0 Fire Magic


You had 7 spell levels left.
You knew the following spells:

 Your Spells              Type           Power        Failure   Level  Hunger
a - Flame Tongue          Conj/Fire      ###..        8%          1    N/A

Your spell library contained the following spells:

 Spells                   Type           Power        Failure   Level  Hunger
 Fireball                 Conj/Fire      ###.......   91%         5    N/A
 Conjure Flame            Conj/Fire      ###.....     24%         3    N/A
 Throw Flame              Conj/Fire      ###...       12%         2    N/A
 Sticky Flame             Conj/Fire      ###.....     61%         4    N/A
 Inner Flame              Hex/Fire       #.......     41%         3    N/A

Dungeon Overview and Level Annotations

Branches:
Dungeon (3/15)

Altars:


Innate Abilities, Weirdness & Mutations

You do not eat or drink.
Your flesh is vulnerable to fire.
You are immune to poison.
Your flesh is cold resistant. (rC+)
You are immune to negative energy. (rN+++)
You are immune to unholy pain and torment.
You can survive without breathing.


Message History

You open the door.
There is an open door here.
Found a stone staircase leading up.
An orc priest comes into view. It is wielding a short sword.
The orc priest shouts!
An orc priest is nearby!
An orc and an orc wizard come into view.
The orc wizard shouts!
The orc shouts!
The orc wizard gestures at you while chanting.
The magic dart hits you!
Casting: Flame Tongue (safe; 8% risk of failure)
Confirm with . or Enter, or press ? or * to list all spells.
You can't see any susceptible monsters within range! (Use Z to cast anyway.)
The orc priest mumbles some strange prayers to Beogh against you.
Beogh smites you!
You hear a shout!
The orc priest calls down the wrath of Beogh upon you.
Beogh smites you!
Ouch! That really hurt!
You die...

#...#.#'###.......#
#.......))......!.#
#.......[##.####..#
#........##.....†.#
#........##......##
#........##......##
#........##......##
#........#######.##
#.@......# #.##
#........# #...
#........# ####
##.........
#.........
#.........
+.........
#o...o....
#...o.....


You could see an orc priest and an orc.

Vanquished Creatures
  An adder (D:3)
  An ooze (D:1)
  2 worms (D:2)
  4 dart slugs
  A leopard gecko (D:2)
  4 orcs (D:3)
  5 bats
  3 giant cockroaches
  6 goblins
  8 hobgoblins
  4 jackals (D:3)
  A quokka (D:2)
  11 frilled lizards
  5 kobolds
  6 rats
62 creatures vanquished.

Notes
Turn   | Place    | Note
-------+----------+-------------------------------------------
     0 | D:1      | inc the Mummy Fire Elementalist began the quest for the Orb.
     0 | D:1      | Reached XP level 1. HP: 13/13 MP: 4/4
   351 | D:1      | Reached skill level 1 in Conjurations
   522 | D:1      | Reached XP level 2. HP: 19/19 MP: 1/5
  1047 | D:1      | Reached XP level 3. HP: 24/24 MP: 5/7
  2215 | D:3      | Reached XP level 4. HP: 30/30 MP: 8/8
  2544 | D:3      | Killed from afar by an orc priest

Vault maps used:
D:1:      ncdulo_wetmaze, minmay_misc_feat_iff, minmay_close_crescents
D:2:      minmay_misc_feat_diagonals
D:3:      gammafunk_ghost_necromancy, uniq_crazy_yiuf_cottage, uniq_sigmund

Skill      XL: |  1  2  3  4 |
---------------+-------------+-----
Conjurations   | 1 2 3 |  3.0
Fire Magic     | 3 |  3.0
Dodging        | |  1.7
Stealth        | |  1.5
Spellcasting   | |  2.7

Action                   |  1- 3 |  4- 6 || total
-------------------------+-------+-------++-------
Melee: Unarmed           |     6 |       ||     6
       Whip              |     4 |       ||     4
       Dagger            |     4 |       ||     4
 Cast: Flame Tongue      |    86 |    29 ||   115
Armor: Robe              |    13 |     1 ||    14
Dodge: Dodged            |    37 |    16 ||    53

Table legend:
 A = Spawn XP
 B = Non-spawn XP
 C = Spawn XP percentage of total XP
 D = Spawn monster count
 E = Non-spawn monster count
 F = Spawn count percentage of total count
 G = Total turns spent on level
                    A         B        C        D         E        F      G
               +---------+---------+-------+---------+---------+-------+---------
         Total |       0 |     136 |   0.0 |       0 |      62 |   0.0 |  2544
               +---------+---------+-------+---------+---------+-------+---------
           D:1 |       0 |      48 |   0.0 |       0 |      27 |   0.0 |  1438
           D:2 |       0 |      48 |   0.0 |       0 |      22 |   0.0 |   774
           D:3 |       0 |      40 |   0.0 |       0 |      13 |   0.0 |   332
               +---------+---------+-------+---------+---------+-------+---------
